 Dungeon Crawl Stone Soup version 0.28.0 (webtiles) character file.

Game seed: 2236515988538557239

1425 Colgate the Magician (level 8, 0/52 HPs)
             Began as a Demonspawn Ice Elementalist on Feb 16, 2022.
             Was an Elder of Vehumet.
             Slain by a kobold brigand (3 damage)
             ... on level 5 of the Dungeon.
             The game lasted 00:48:03 (9262 turns).

Colgate the Magician (Demonspawn Ice Elementalist)  Turns: 9262, Time: 00:48:03

Health: 0/52       AC:  6    Str:  9    XL:     8   Next: 44%
Magic:  14/18      EV: 12    Int: 19    God:    Vehumet [****..]
Gold:   167        SH:  0    Dex: 13    Spells: 5/21 levels left

rFire   . . .      SeeInvis .   a - +1 dagger
rCold   + . .      Faith    .   (no shield)
rNeg    . . .      Spirit   .   y - +2 robe {rF+}
rPois   .          Reflect  .   (no helmet)
rElec   .          Harm     .   (no cloak)
rCorr   .          Rampage  .   (no gloves)
Will    .....                   (no boots)
Stlth   ++........              (no amulet)
HPRegen 0.17/turn               B - ring of ice
MPRegen 0.16/turn               (no ring)

@: no status effects
A: hooves 1, molten scales 1, powered by death 2, demonic magic 1
a: Renounce Religion


You were on level 5 of the Dungeon.
You worshipped Vehumet.
Vehumet was greatly pleased with you.
You visited 1 branch of the dungeon, and saw 6 of its levels.
You also visited: Ossuary.

You collected 167 gold pieces.

Inventory:

Hand Weapons
 a - a +1 dagger (weapon)
 b - a +2 war axe of electrocution
 x - a +0 falchion of draining
Missiles
 i - 166 stones
 q - 16 sling bullets
 v - 6 poisoned darts
 z - 2 throwing nets
Armour
 n - an orb of wrath
 y - a +2 robe of fire resistance (worn)
Jewellery
 B - a ring of ice (left hand)
Wands
 p - a wand of flame (30)
Scrolls
 j - a scroll of enchant armour
 l - 2 scrolls of teleportation
 m - a scroll of vulnerability
 o - a scroll of immolation
 r - a scroll of summoning {unknown}
 s - a scroll of fog
 A - a scroll of magic mapping
Potions
 c - 2 potions of haste
 d - 3 potions of invisibility
 e - a potion of resistance
 f - a potion of heal wounds
 g - 3 potions of might
 h - a potion of magic {unknown}
 k - 2 potions of curing
 t - a potion of degeneration {unknown}
 u - a potion of flight {unknown}
 w - 3 potions of attraction


   Skills:
 - Level 1.7 Dodging
 - Level 1.7 Stealth
 - Level 7.0 Spellcasting
 + Level 6.3 Conjurations
 - Level 5.0 Ice Magic


You had 5 spell levels left.
You knew the following spells:

 Your Spells              Type           Power      Damage    Failure   Level
a - Freeze                Ice            100%       1d11      1%          1
b - Magic Dart            Conj           100%       1d8       1%          1
c - Searing Ray           Conj           60%        2d6       1%          2
d - Iskenderun's Mystic   Conj/Tloc      18%        2d6       8%          4
e - Hailstorm             Conj/Ice       42%        3d10      2%          4
f - Flame Wave            Conj/Fire      18%        2d6       8%          4

Your spell library contained the following spells:

 Spells                   Type           Power      Damage    Failure   Level
 Frozen Ramparts          Ice            76%        1d9       1%          3
 Dazzling Flash           Conj/Hex       36%        N/A       2%          3
 Ozocubu's Armour         Ice            38%        N/A       3%          3
 Agony                    Necr           6%         N/A       95%         5
 Silence                  Hex/Air        3%         N/A       95%         5


Dungeon Overview and Level Annotations

Branches:
Dungeon (6/15)            Ossuary (visited)
 Temple: D:4-7

Altars:
Vehumet

Shops:
D:3 (

Annotations:
D:6 Grinder


Innate Abilities, Weirdness & Mutations

You have large cloven feet.
You are partially covered in molten scales. (AC +2)
You regenerate health from kills.
Spells you cast may paralyse adjacent enemies.


Message History

Done exploring.
There is a stone staircase leading up here.
There is a stone staircase leading down here.
You climb downwards.
Level annotation: Grinder The kobold shouts!
The centaur shouts! x2
The centaur shoots an arrow.
The arrow hits you.
The centaur shoots an arrow.
The arrow hits you! The kobold hits you with a +0 dagger.
The centaur shoots an arrow.
The arrow barely misses you.
The arrow hits the kobold.
The kobold dies!
The kobold brigand closely misses you.
The centaur shoots an arrow.
The arrow hits you.
There is a stone staircase leading up, spattered with blood here.
The centaur shoots an arrow.
The arrow hits you.
The centaur shoots an arrow.
The arrow hits you! The kobold brigand closely misses you.
The centaur shoots an arrow.
The arrow hits you!
The centaur shoots an arrow.
The arrow hits you!
* * * LOW HITPOINT WARNING * * *
You climb upwards.
There is a stone staircase leading down here.
Unknown command.
Casting: Searing Ray (safe; 1% risk of failure)
Confirm with . or Enter, or press ? or * to list all spells.
Aiming: Searing Ray (safe; 1% risk of failure)
Press: ? - help, Shift-Dir - straight line, f - kobold brigand
Aim: a kobold brigand, wielding a +0 short sword and quivering poisoned darts (74% to hit)
The searing ray hits the kobold brigand!
The kobold brigand is moderately wounded. (Press . to maintain the ray.) Malevolent energies surge around you.
The kobold brigand hits you with a +0 short sword.
* * * LOW HITPOINT WARNING * * *
The searing ray hits the kobold brigand.
The kobold brigand is heavily wounded.
The kobold brigand barely misses you.
The searing ray hits the kobold brigand.
The kobold brigand is severely wounded.
The kobold brigand hits you with a +0 short sword.
You die...

##..........###....##^..# ####
###.......#........##..# ...###
###.......###.....#.## .....##
##)...#####.....##### ......###
#..##.# #...........###
........###..#### #.#....##..##..
.........#..## ###.#.######.#.⌠#
...[.......## ##K#.#.## #.#.##
....[....[..# #@......# ###.#.
......<.....# ##.#.#.## #.))
.........<..####.......# #.#.
..............###.#.#.########.##
...............#............##.⌠#
................#.#.#.#.....###..
.........#.........###........###
.....#####...#.......##.......#
##.### ##.######..#####.#####


You could see a kobold brigand.

Vanquished Creatures
  Sigmund (D:2)
  Menkaure (Ossuary)
  A sky beast (D:5)
  An ogre (D:5)
  6 scorpions
  A water moccasin skeleton (D:5)
  6 orc priests
  Jessica (D:3)
  An iguana (D:5)
  2 orc wizards
  A hound zombie (D:5)
  A hound skeleton (D:5)
  3 mummies (Ossuary)
  6 adders
  An ufetubus (D:3)
  2 worms
  2 dart slugs
  30 orcs
  4 endoplasms
  A giant cockroach (D:2)
  3 goblins
  7 hobgoblins
  7 jackals (D:4)
  2 quokkas
  6 ball pythons
  12 bats
  3 frilled lizards
  6 gnoll skeletons (Ossuary)
  5 gnoll zombies (Ossuary)
  7 goblin skeletons (Ossuary)
  3 goblin zombies (Ossuary)
  A hobgoblin skeleton (Ossuary)
  4 hobgoblin zombies (Ossuary)
  8 kobolds
  4 kobold skeletons (Ossuary)
  6 kobold zombies (Ossuary)
  3 orc skeletons (Ossuary)
  2 orc zombies (Ossuary)
  A rat (D:2)
  4 rat skeletons (Ossuary)
  5 rat zombies (Ossuary)
171 creatures vanquished.

Vanquished Creatures (others)
  2 kobolds (D:6)
  12 fungi (D:5)
14 creatures vanquished.

Grand Total: 185 creatures vanquished

Notes
Turn   | Place    | Note
-------+----------+-------------------------------------------
     0 | D:1      | Colgate the Demonspawn Ice Elementalist began the quest for
                  | the Orb.
     0 | D:1      | Reached XP level 1. HP: 13/13 MP: 3/3
   441 | D:1      | You fall into a shaft and drop 1 floor!
   468 | D:2      | Gained mutation: Spells you cast may paralyse adjacent
                  | enemies. [demonic ancestry]
   468 | D:2      | Reached XP level 2. HP: 17/19 MP: 1/5
  1124 | D:1      | Found a faded altar of an unknown god.
  1127 | D:1      | Prayed at the altar of an unknown god.
  1127 | D:1      | Became a worshipper of Vehumet
  1127 | D:1      | Reached * piety under Vehumet
  1127 | D:1      | Offered knowledge of Magic Dart by Vehumet.
  1132 | D:1      | Learned a level 1 spell: Magic Dart
  1362 | D:2      | Noticed Sigmund
  1473 | D:2      | Gained mutation: You regenerate a little health from kills.
                  | [demonic ancestry]
  1473 | D:2      | Reached XP level 3. HP: 24/24 MP: 6/6
  2432 | D:3      | Found Dofamus's Antique Weapon Boutique.
  2513 | D:3      | Reached skill level 5 in Ice Magic
  2727 | D:3      | Offered knowledge of Searing Ray by Vehumet.
  2731 | D:3      | Learned a level 2 spell: Searing Ray
  2796 | D:3      | Reached skill level 1 in Conjurations
  2796 | D:3      | Gained mutation: You are partially covered in molten
                  | scales. (AC +2) [demonic ancestry]
  2796 | D:3      | Reached XP level 4. HP: 27/30 MP: 5/7
  2817 | D:3      | Reached ** piety under Vehumet
  2883 | D:3      | Noticed Jessica
  2934 | D:3      | Killed Jessica
  2935 | D:3      | Reached XP level 5. HP: 19/35 MP: 2/8
  3698 | D:4      | Found a sand-covered staircase.
  3740 | Ossuary  | Entered an ossuary
  3785 | Ossuary  | Offered knowledge of Scorch by Vehumet.
  3955 | Ossuary  | Reached *** piety under Vehumet
  4210 | Ossuary  | Offered knowledge of Iskenderun's Mystic Blast by Vehumet.
  4216 | Ossuary  | Learned a level 4 spell: Iskenderun's Mystic Blast
  4378 | Ossuary  | Noticed Menkaure
  4397 | Ossuary  | Killed Menkaure
  4398 | Ossuary  | Reached skill level 3 in Spellcasting
  4398 | Ossuary  | Gained mutation: You regenerate health from kills. [demonic
                  | ancestry]
  4398 | Ossuary  | Reached XP level 6. HP: 14/41 MP: 2/11
  4759 | Ossuary  | Learned a level 4 spell: Hailstorm
  4817 | D:4      | Reached skill level 4 in Spellcasting
  5045 | D:4      | Reached **** piety under Vehumet
  5769 | D:5      | Entered Level 5 of the Dungeon
  5860 | D:5      | Gained mutation: You have large cloven feet. [demonic
                  | ancestry]
  5860 | D:5      | Reached XP level 7. HP: 11/46 MP: 2/14
  6107 | D:5      | Reached skill level 5 in Spellcasting
  6281 | D:5      | Reached skill level 5 in Conjurations
  6397 | D:5      | Offered knowledge of Flame Wave by Vehumet.
  6403 | D:5      | Learned a level 4 spell: Flame Wave
  7413 | D:5      | Reached XP level 8. HP: 52/52 MP: 9/16
  7539 | D:5      | Reached skill level 6 in Spellcasting
  8142 | D:6      | Noticed Grinder
  8426 | D:2      | Killed Sigmund
  8427 | D:2      | Reached skill level 7 in Spellcasting
  9260 | D:5      | HP: 2/52 [kobold brigand (3)]
  9262 | D:5      | Slain by a kobold brigand

Illustrated notes

Levels and vault maps discovered:
D:1:      amcnicky_arrival_single_pillar, layout_basic,
          shapermc_ecumenical_altar_mp_vishouse
D:2:      layout_loops_ring, uniq_sigmund
D:3:      layout_loops_corners, serial_shops, nicolae_shop_overgrown_old_shop,
          uniq_jessica
D:4:      layout_basic, nicolae_ossuary_entry_plus
D:5:      old_forge, layout_cave_pods, grunt_ministairs_11, st_stairs_8
D:6:      layout_rooms, hex_medium, uniq_grinder

Skill      XL: |  1  2  3  4  5  6  7  8 |
---------------+-------------------------+-----
Ice Magic      | 4 5 |  5.0
Conjurations   | 1 3 4 6 |  6.3
Spellcasting   | 3 4 5 7 |  7.0
Dodging        | |  1.7
Stealth        | |  1.7

Action                   |  1- 3 |  4- 6 |  7- 9 || total
-------------------------+-------+-------+-------++-------
Melee: Short sword       |     3 |       |       ||     3
       Punch             |     1 |       |       ||     1
       Dagger            |    11 |    11 |     6 ||    28
       War axe           |       |    52 |       ||    52
 Fire: Hunting sling     |    16 |       |       ||    16
 Cast: Freeze            |    43 |    16 |     3 ||    62
       Magic Dart        |    16 |    76 |    30 ||   122
       Searing Ray       |       |    29 |    24 ||    53
       Iskenderun's Myst |       |     4 |     3 ||     7
       Hailstorm         |       |     1 |     6 ||     7
       Flame Wave        |       |       |     2 ||     2
  Use: Scroll            |       |    15 |       ||    15
 Stab: Paralysed         |     9 |    11 |     5 ||    25
       Sleeping          |     3 |     1 |     1 ||     5
Armor: Ring mail         |    10 |       |       ||    10
       Robe              |     1 |    14 |     2 ||    17
Dodge: Dodged            |    16 |    34 |    14 ||    64
